Map: Catallena LE (Void)

Players

Winthrowe - Winner!

  • Race: Terran Terran
  • Spawn Location: 12:00

A.I. 1 (Hard)

  • Race: Zerg Zerg
  • Spawn Location: 5:00

VOD

Have the link to the VOD?

Description

Time

  • Played on: Aug. 16, 2017, 9:52 p.m.
  • Length: 19:12
Show
View Real Time Build Order
Export as new Build Order

Winthrowe Terran - Winner!

Build Orders:  

Get SALT Encoding   

  12  0:03  SCV  
  13  0:19  Supply Depot  
  13  0:43  Barracks  
  13  0:53  Refinery  
  13  0:55  SCV  
  14  1:08  SCV  
  15  1:21  SCV  
  16  1:37  Marine  
  17  1:46  Bunker  
  17  1:55  Marine  
  17  1:57  Supply Depot  
  17  1:58  SCV  
  19  2:25  Engineering Bay  
  19  2:33  Command Center  
  19  2:34  Marine  
  20  2:52  Marine  
  20  2:56  Engineering Bay  
  21  2:59  Factory  
  21  3:10  Barracks Tech Lab  
  21  3:24  Refinery  
  21  3:30  SCV  
  22  3:42  SCV, Supply Depot  
  23  3:54  SCV  
  24  4:05  Supply Depot  
  24  4:06  SCV  
  24  4:08  Planetary Fortress  
  25  4:20  Orbital Command  
  25  4:30  Terran Infantry Weapons Level 1  
  25  4:32  Terran Infantry Armor Level 1  
  25  4:44  Armory  
  25  5:03  Combat Shields  
  25  5:10  Marauder  
  27  5:27  Factory Tech Lab  
  27  5:36  Marauder  
  29  6:21  Barracks  
  29  6:22  Concussive Shells, Marauder  
  29  6:24  SCV x2  
  33  6:36  SCV  
  33  6:37  SCV  
  35  6:43  Marauder  
  37  6:48  SCV  
  37  6:49  SCV  
  42  7:01  SCV x2  
  41  7:05  Hellbat, Stimpack  
  43  7:10  Marauder  
  43  7:13  SCV x2  
  47  7:24  Terran Infantry Armor Level 2  
  47  7:26  Hellbat  
  49  7:32  Marauder  
  51  7:48  Terran Infantry Weapons Level 2, Hellbat  
  53  7:53  Marauder  
  55  8:09  Hellbat  
  57  8:14  Marauder  
  57  8:15  Barracks Reactor  
  59  8:31  Hellbat  
  61  8:49  Supply Depot  
  61  8:56  Marine  
  62  9:03  Marauder  
  62  9:10  Marine  
  62  9:11  Hellbat  
  62  9:12  Supply Depot  
  62  9:14  Marine  
  62  9:25  Marauder  
  62  9:28  Marine  
  65  9:32  Marine, Hellbat  
  65  9:35  Supply Depot  
  58  9:46  Marine, Marauder  
  58  9:50  Marine  
  62  9:54  Hellbat  
  62  9:58  Supply Depot  
  64  10:04  Marine  
  64  10:07  Marauder  
  64  10:08  Marine  
  65  10:15  Hellbat  
  67  10:22  Marine, Supply Depot  
  67  10:25  Marine  
  69  10:29  Marauder  
  71  10:36  Thor, Unknown  
  71  10:39  Marine  
  71  10:43  Marine  
  71  10:44  Supply Depot  
  63  10:50  Marauder  
  65  10:57  Marine  
  65  11:01  Marine  
  65  11:02  Unknown  
  65  11:11  Marine  
  65  11:15  Marine  
  67  11:19  Marine  
  67  11:22  Unknown  
  74  11:29  Marine  
  75  11:33  Marine  
  75  11:37  Marine  
  77  11:40  Thor  
  77  11:47  Marine  
  77  11:51  Marine  
  79  11:55  Marine  
  80  12:04  Marine  
  81  12:09  Marine  
  81  12:12  Marine  
  81  12:14  Starport  
  83  12:23  Thor, Marauder  
  83  12:27  Marine  
  83  12:29  Unknown  
  92  12:30  Marine  
  85  12:44  Marauder  
  85  12:45  Marine  
  85  12:48  Marine  
  89  12:53  Starport Reactor  
  89  13:03  Marine  
  90  13:06  Marine, Thor, Marauder  
  90  13:09  Unknown  
  99  13:13  Unknown  
  99  13:20  Marine  
  99  13:24  Marine  
  99  13:26  Marine  
  102  13:38  Marine, Medivac x2  
  107  13:41  Marine  
  107  13:44  Marine  
  109  13:56  Marine  
  109  14:01  Marine  
  109  14:02  Marine  
  109  14:05  Thor  
  103  14:14  Marine  
  97  14:18  Marine  
  97  14:20  Marine  
  97  14:22  Medivac  
  101  14:32  Marine  
  101  14:36  Marine  
  101  14:38  Marine  
  104  14:40  Unknown  
  104  14:47  Thor  
  110  15:00  Supply Depot  
  110  15:16  Unknown  
  110  15:22  Marine x3, Supply Depot, Medivac x2  
  110  15:23  Unknown  
  113  15:39  Marine x3, Unknown  
  115  15:44  Supply Depot  
  115  15:57  Marine x3  
  115  16:03  Viking  
  120  16:08  Supply Depot  
  120  16:15  Marine x3  
  121  16:27  Unknown  
  121  16:31  Supply Depot  
  121  16:32  Unknown  
  121  16:33  Marine x3  
  124  16:44  Unknown  
  124  16:48  Unknown  
  124  16:51  Marine x2, Unknown, Marauder  
  124  16:53  Supply Depot  
  127  17:13  Marauder  
  129  17:16  Supply Depot  
  129  17:17  Marine x2  
  131  17:34  Marine, Marauder  
  131  17:35  Marine  
  135  17:38  Supply Depot  
  135  17:52  Marine  
  135  17:53  Marine  
  135  17:55  Marauder  
  139  18:10  Marine  
  139  18:11  Marine  
  141  18:17  Marauder  
  143  18:38  Marauder  
Show
View Real Time Build Order
Export as new Build Order

A.I. 1 (Hard) Zerg 

Build Orders: Pool First 

Get SALT Encoding   

  12  0:00  Drone  
  13  0:12  Overlord  
  13  0:17  Drone  
  14  0:31  Drone  
  14  0:32  Drone  
  16  0:43  Spawning Pool  
  16  0:44  Drone  
  16  0:48  Drone  
  17  0:51  Extractor  
  17  0:56  Drone  
  17  1:06  Overlord  
  17  1:30  Queen  
  17  1:31  Zergling x2  
  20  1:35  Roach Warren  
  20  1:37  Zergling x2  
  20  1:38  Drone  
  21  1:41  Extractor  
  20  1:49  Drone  
  21  2:00  Drone  
  22  2:10  Overlord  
  22  2:21  Drone  
  23  2:32  Roach  
  23  2:36  Drone  
  26  2:38  Roach  
  26  2:41  Overlord  
  28  2:44  Roach  
  30  2:54  Drone  
  30  2:55  Baneling Nest  
  30  2:56  Ravager  
  31  3:01  Ravager  
  34  3:05  Roach  
  34  3:09  Drone  
  34  3:11  Roach  
  37  3:13  Drone  
  37  3:18  Roach  
  40  3:28  Overlord  
  40  3:30  Evolution Chamber  
  39  3:39  Drone  
  39  3:41  Drone  
  41  3:42  Drone  
  41  3:43  Drone  
  43  3:51  Drone  
  44  4:36  Zerg Melee Weapons Level 1, Overlord, Zergling x2, Lair  
  45  4:39  Evolution Chamber, Drone  
  45  4:43  Baneling  
  45  5:09  Hatchery  
  45  5:10  Drone  
  45  5:26  Drone  
  45  5:30  Zerg Ground Armor Level 1  
  45  5:37  Zergling x2  
  45  5:38  Spire  
  45  5:43  Zergling x2  
  45  5:48  Metabolic Boost  
  45  5:49  Zergling x2  
  47  6:20  Spore Crawler, Drone  
  47  6:22  Drone  
  47  6:23  Drone  
  47  6:24  Drone  
  50  6:26  Drone  
  50  6:27  Burrow, Drone  
  50  6:29  Drone  
  50  6:30  Drone  
  50  6:31  Baneling, Extractor, Zerg Missile Weapons Level 1  
  50  6:32  Drone  
  54  6:33  Drone  
  54  6:35  Overlord  
  54  6:39  Drone  
  56  6:42  Drone  
  57  6:48  Drone  
  57  6:51  Mutalisk, Drone  
  57  6:52  Drone  
  62  6:56  Overlord  
  62  6:59  Mutalisk  
  64  7:04  Drone  
  65  7:10  Mutalisk  
  65  7:14  Drone  
  68  7:19  Extractor  
  68  7:21  Mutalisk, Spore Crawler  
  68  7:22  Drone  
  69  7:23  Drone  
  69  7:24  Overseer  
  69  7:25  Drone  
  71  7:30  Overseer  
  71  7:32  Overlord  
  71  7:34  Spore Crawler  
  71  7:36  Drone  
  71  7:37  Spore Crawler  
  71  7:43  Queen, Drone  
  73  7:47  Drone  
  74  7:53  Mutalisk, Spine Crawler  
  74  7:54  Drone  
  74  7:55  Drone  
  74  7:57  Drone  
  78  7:58  Drone  
  78  8:05  Spine Crawler  
  78  8:06  Drone  
  78  8:08  Drone  
  80  8:16  Overlord  
  80  8:17  Spine Crawler  
  80  8:19  Drone  
  80  8:21  Spine Crawler  
  80  8:25  Mutalisk, Drone  
  82  8:27  Queen  
  82  8:33  Hydralisk Den  
  83  8:35  Pneumatized Carapace  
  83  8:41  Corruptor  
  85  8:53  Hatchery  
  84  8:58  Infestation Pit  
  77  9:11  Overseer  
  77  9:15  Mutalisk  
  79  9:23  Mutalisk  
  76  9:31  Mutalisk  
  76  9:36  Hive  
  74  9:39  Mutalisk  
  71  9:47  Corruptor  
  73  10:05  Drone  
  73  10:06  Drone  
  75  10:08  Drone  
  75  10:09  Drone  
  75  10:11  Drone  
  75  10:12  Zerg Flyer Weapons Level 1, Drone  
  75  10:14  Drone  
  80  10:15  Drone  
  80  10:16  Drone  
  80  10:18  Overlord, Drone  
  80  10:19  Drone  
  80  10:21  Drone  
  85  10:22  Drone  
  85  10:24  Drone  
  85  10:25  Drone  
  85  10:26  Drone  
  85  10:28  Drone  
  89  10:34  Drone  
  89  10:35  Drone  
  90  10:39  Mutalisk  
  90  10:43  Overlord  
  90  10:46  Drone  
  90  10:47  Viper  
  90  10:49  Mutalisk, Viper  
  96  11:13  Hatchery, Drone  
  96  11:25  Extractor  
  95  11:27  Drone  
  96  11:42  Extractor, Drone  
  96  11:44  Ultralisk Cavern  
  96  11:45  Drone  
  96  12:06  Zerg Flyer Armor Level 1  
  98  12:22  Roach  
  98  12:27  Roach  
  98  12:29  Overlord  
  100  12:31  Roach  
  100  12:35  Infestor  
  88  12:40  Zergling x2  
  88  12:43  Infestor  
  87  12:48  Hydralisk  
  89  12:53  Roach  
  89  12:57  Roach  
  93  12:59  Overlord  
  93  13:02  Roach  
  95  13:05  Infestor  
  95  13:10  Infestor  
  99  13:14  Infestor  
  99  13:18  Hydralisk  
  103  13:22  Drone  
  103  13:23  Roach, Drone  
  103  13:25  Drone  
  103  13:26  Drone  
  103  13:28  Roach, Drone  
  103  13:32  Roach  
  107  13:36  Roach  
  107  13:37  Extractor  
  107  13:38  Drone  
  107  13:39  Hatchery  
  107  13:40  Roach  
  110  13:42  Overlord, Overseer  
  110  13:43  Overlord  
  110  13:45  Roach, Drone  
  110  13:48  Infestor  
  110  13:52  Drone  
  110  13:53  Infestor  
  110  13:54  Overseer, Drone  
  110  13:55  Drone  
  102  13:57  Infestor, Drone  
  102  13:58  Drone  
  102  14:00  Drone  
  102  14:01  Overlord  
  102  14:02  Greater Spire, Drone  
  96  14:03  Infestor  
  96  14:08  Zergling x2  
  75  14:12  Roach  
  75  14:16  Roach  
  79  14:20  Hatchery, Hydralisk  
  80  14:26  Roach  
  80  14:27  Overseer  
  80  14:28  Extractor  
  80  14:30  Roach  
  83  14:34  Hydralisk  
  84  14:39  Roach  
  84  14:43  Overlord, Roach  
  87  14:46  Overseer  
  87  14:47  Zergling x2  
  87  14:52  Roach  
  90  14:56  Roach  
  91  15:00  Roach  
  91  15:03  Extractor  
  91  15:05  Roach  
  87  15:10  Extractor  
  82  15:19  Drone  
  82  15:24  Drone  
  82  15:25  Overseer  
  82  15:26  Drone  
  82  15:28  Zergling x2  
  79  15:29  Drone  
  79  15:32  Roach  
  79  15:33  Drone  
  79  15:34  Drone  
  68  15:37  Roach  
  68  15:40  Hydralisk  
  41  15:44  Hydralisk  
  41  15:48  Zergling x2  
  40  15:52  Zergling x2  
  30  16:03  Drone  
  26  16:09  Roach  
  19  16:21  Drone  
  19  16:23  Drone  
  16  16:37  Hatchery  
  13  16:52  Extractor  
  12  16:59  Drone  
  13  17:04  Hatchery  
  13  17:12  Drone  
  13  17:16  Drone  
  13  17:18  Drone  
  14  17:33  Overlord  
Tags
 
Add a new tag
Caveats
  • Supply blocks, unpowered buildings, or Contaminate may cause inaccurate times.
  • Supply counts are checked every 10 seconds.